Map: Solaris LE

Players

GALAXIES - Winner!

  • Race: Protoss Protoss
  • Spawn Location: 7:00

SubN

  • Race: Zerg Zerg
  • League: Diamond
  • Spawn Location: 1:00

VOD

Have the link to the VOD?

Description

Time

  • Played on: Jan. 15, 2024, 5:58 p.m.
  • Length: 12:14
Show
View Real Time Build Order
Export as new Build Order

GALAXIES Protoss - Winner!

Build Orders: 1 Gate Expand, Blink Stalkers, Colossus Rush 

Get SALT Encoding   

  12  0:00  Probe  
  13  0:12  Probe  
  14  0:19  Pylon  
  14  0:24  Probe  
  15  0:37  Probe (Chrono Boost)  
  16  0:47  Probe (Chrono Boost), Assimilator  
  17  0:52  Gateway, Probe (Chrono Boost)  
  18  1:04  Probe  
  19  1:16  Probe  
  20  1:26  Nexus  
  20  1:29  Probe  
  21  1:34  Assimilator  
  21  1:44  Cybernetics Core  
  21  1:47  Probe  
  22  1:53  Pylon  
  22  1:59  Probe  
  23  2:11  Probe (Chrono Boost)  
  24  2:19  Stalker (Chrono Boost)  
  24  2:20  Warp Gate  
  24  2:21  Probe (Chrono Boost)  
  27  2:33  Gateway  
  27  2:36  Probe  
  28  2:40  Probe  
  28  2:41  Stalker  
  31  2:48  Probe  
  32  2:55  Probe  
  32  3:03  Twilight Council  
  32  3:04  Probe  
  33  3:11  Probe, Robotics Facility  
  34  3:17  Probe  
  34  3:19  Pylon  
  35  3:24  Probe, Zealot  
  35  3:26  Zealot  
  40  3:30  Probe  
  41  3:36  Probe  
  42  3:42  Probe, Blink  
  42  3:46  Gateway  
  43  3:51  Gateway  
  43  3:53  Probe  
  44  4:02  Warp Prism  
  46  4:09  Probe  
  47  4:10  Probe  
  47  4:14  Pylon  
  48  4:19  Zealot x2  
  48  4:21  Probe  
  48  4:24  Probe  
  54  4:26  Assimilator  
  54  4:31  Assimilator  
  54  4:34  Robotics Bay  
  54  4:44  Probe  
  55  4:48  Probe  
  55  4:50  Immortal  
  60  4:56  Probe  
  61  5:00  Probe  
  61  5:03  Pylon  
  62  5:11  Nexus  
  62  5:21  Extended Thermal Lance (Chrono Boost), Probe x2  
  64  5:29  Colossus (Chrono Boost)  
  70  5:38  Probe  
  70  5:42  Gateway x2  
  63  5:44  Probe  
  63  5:47  Pylon  
  62  5:50  Pylon, Probe  
  62  5:53  Charge (Chrono Boost)  
  62  5:56  Probe  
  64  5:57  Stalker  
  66  6:10  Gateway  
  66  6:11  Shield Battery  
  66  6:14  Pylon  
  66  6:15  Zealot  
  68  6:25  Pylon  
  68  6:30  Stalker x3  
  69  6:56  Zealot x4  
  69  6:57  Zealot x2  
  69  6:59  Colossus (Chrono Boost)  
  83  7:10  Gravitic Boosters  
  83  7:17  Gateway  
  83  7:19  Gateway  
  83  7:23  Probe x2 (Chrono Boost)  
  83  7:28  Probe (Chrono Boost)  
  83  7:29  Forge  
  86  7:32  Probe (Chrono Boost)  
  86  7:33  Forge, Probe (Chrono Boost)  
  89  7:37  Probe (Chrono Boost)  
  89  7:39  Probe x2 (Chrono Boost)  
  89  7:44  Pylon  
  91  7:47  Pylon, Probe (Chrono Boost)  
  91  7:48  Probe (Chrono Boost)  
  91  7:49  Shield Battery  
  93  7:51  Assimilator  
  93  7:53  Pylon  
  93  7:55  Assimilator  
  93  7:56  Probe  
  94  7:59  Gateway  
  94  8:02  Gateway, Protoss Ground Weapons Level 1 (Chrono Boost)  
  94  8:04  Protoss Ground Armor Level 1 (Chrono Boost)  
  94  8:06  Pylon, Probe  
  94  8:07  Gravitic Drive  
  95  8:14  Probe  
  96  8:20  Probe, Templar Archives  
  96  8:22  Probe  
  96  8:26  Probe  
  99  8:31  Nexus  
  99  8:35  Pylon  
  99  8:44  Probe, Photon Cannon  
  100  8:55  Gateway  
  100  8:57  Pylon  
  100  8:59  High Templar x2  
  100  9:00  High Templar x3  
  100  9:01  Gateway  
  110  9:03  Pylon  
  110  9:06  Archon x2  
  110  9:13  Shield Battery  
  110  9:16  Shield Battery  
  110  9:17  Pylon  
  110  9:19  Unknown  
  110  9:25  Psionic Storm  
  110  9:36  Probe  
  111  9:40  Pylon, Protoss Ground Armor Level 2 (Chrono Boost)  
  111  9:43  Pylon  
  111  9:48  Protoss Ground Weapons Level 2 (Chrono Boost)  
  111  9:51  High Templar x3  
  111  9:52  Stalker x2  
  119  9:53  Stalker x4  
  129  10:07  Observer (Chrono Boost)  
  130  10:15  Gateway  
  130  10:16  Probe  
  130  10:17  Pylon  
  130  10:18  Observer (Chrono Boost), Photon Cannon  
  132  10:22  Stalker x5  
  132  10:23  Stalker  
  144  10:42  Photon Cannon  
  144  10:43  Photon Cannon  
  144  10:44  Pylon  
  144  10:53  Photon Cannon  
  144  11:02  Warp Prism (Chrono Boost)  
  144  11:04  Nexus  
  144  11:06  Pylon  
  146  11:13  Stalker  
  146  11:14  Stalker x4  
  146  11:15  Stalker  
  146  11:16  Stalker  
  146  11:17  Stalker  
  162  11:23  Zealot x3  
  168  11:39  Zealot x4  
  156  11:59  Zealot x3  
  156  12:00  Zealot x6  
  156  12:01  Zealot x4  
Show
View Real Time Build Order
Export as new Build Order

SubN Zerg 

Build Orders: 3 Hatch before Pool 

Get SALT Encoding   

  12  0:00  Drone  
  13  0:12  Overlord  
  13  0:17  Drone  
  14  0:30  Drone x2  
  16  0:50  Hatchery  
  16  0:53  Drone  
  16  1:15  Drone  
  17  1:19  Drone  
  17  1:20  Hatchery  
  17  1:33  Extractor  
  17  1:35  Spawning Pool  
  15  1:42  Drone x2  
  15  1:45  Drone  
  18  1:56  Drone  
  19  2:07  Drone x2  
  21  2:13  Overlord  
  21  2:18  Overlord  
  21  2:24  Zergling x2  
  21  2:27  Queen  
  24  2:32  Queen  
  26  2:41  Queen  
  28  2:48  Overlord  
  28  2:52  Overlord  
  28  2:56  Metabolic Boost  
  28  3:06  Overlord  
  28  3:11  Queen  
  30  3:14  Drone  
  30  3:15  Drone  
  30  3:18  Drone  
  33  3:21  Drone  
  34  3:28  Queen  
  34  3:31  Drone  
  34  3:33  Drone  
  38  3:41  Overlord  
  38  3:44  Drone x2  
  38  3:46  Drone  
  41  3:51  Drone x3  
  44  4:02  Queen  
  46  4:13  Drone x7  
  53  4:18  Evolution Chamber  
  53  4:23  Roach Warren  
  51  4:24  Evolution Chamber  
  51  4:28  Extractor  
  51  4:29  Drone, Extractor  
  51  4:30  Drone x2  
  51  4:31  Extractor  
  50  4:33  Drone  
  50  4:34  Drone  
  50  4:36  Drone  
  53  4:42  Drone x3  
  53  4:43  Drone  
  57  4:50  Lair  
  57  4:55  Queen  
  59  5:00  Zergling x2  
  59  5:01  Zergling x6  
  63  5:12  Roach  
  65  5:15  Overlord x3  
  65  5:41  Roach  
  65  5:42  Roach x11  
  89  5:48  Zerg Missile Weapons Level 1  
  89  5:50  Zerg Ground Armor Level 1  
  89  5:58  Overlord x2  
  89  6:01  Overlord  
  89  6:07  Zergling x2  
  89  6:08  Zergling x2  
  90  6:13  Glial Reconstitution  
  90  6:15  Overlord x2  
  90  6:18  Roach  
  92  6:19  Roach  
  92  6:25  Drone x4  
  98  6:27  Drone  
  98  6:32  Baneling Nest  
  76  7:05  Drone x17  
  76  7:08  Extractor  
  90  7:09  Extractor  
  90  7:11  Drone  
  90  7:12  Roach x2  
  92  7:16  Overseer  
  92  7:18  Overseer  
  92  7:19  Zergling x4  
  92  7:20  Zergling x2  
  93  7:30  Drone  
  93  7:34  Roach  
  93  7:35  Roach  
  98  7:38  Drone  
  98  7:41  Centrifugal Hooks  
  98  7:43  Queen  
  98  7:44  Zerg Missile Weapons Level 2  
  101  7:46  Zerg Melee Weapons Level 1  
  101  7:54  Ravager, Spire  
  101  7:55  Ravager x7  
  101  7:58  Zergling x20  
  113  8:05  Hatchery  
  117  8:09  Overlord  
  117  8:10  Overlord x2  
  117  8:11  Overseer  
  117  8:16  Baneling  
  117  8:17  Baneling x5  
  117  8:30  Roach x8  
  117  8:31  Roach  
  135  8:34  Drone  
  135  8:38  Infestation Pit  
  135  8:49  Pneumatized Carapace  
  135  8:56  Roach  
  135  8:57  Roach x4  
  135  9:00  Baneling x2  
  135  9:01  Overlord x2, Baneling x2  
  135  9:02  Overlord x2  
  145  9:06  Zerg Flyer Weapons Level 1  
  145  9:11  Overlord  
  145  9:23  Drone x10  
  155  9:24  Queen  
  157  9:34  Corruptor x3  
  157  9:37  Corruptor  
  167  9:45  Hive  
  165  9:54  Corruptor x4  
  165  9:57  Extractor  
  165  9:58  Extractor  
  171  10:01  Drone x3  
  171  10:04  Drone x4  
  171  10:05  Drone x4  
  182  10:18  Zergling x2  
  182  10:19  Zergling x16  
  191  10:35  Spine Crawler  
  190  10:43  Overlord x4  
  190  10:44  Overlord  
  190  10:45  Neural Parasite  
  190  11:03  Hatchery  
  189  11:12  Viper x3  
  189  11:18  Corruptor  
Tags
 
Add a new tag
Caveats
  • Supply blocks, unpowered buildings, or Contaminate may cause inaccurate times.
  • Supply counts are checked every 10 seconds.